 Dungeon Crawl Stone Soup version 0.30.1-4-g462c640d31 (webtiles) character file.

Game seed: 4904264874621099207

30588 croobank the Covert (level 13, -14/68 (86) HPs)
             Began as an Octopode Delver on Aug 14, 2023.
             Was an Initiate of Gozag.
             Demolished by a cane toad (19 damage)
             ... on level 1 of the Lair of Beasts.
             The game lasted 01:09:35 (13013 turns).

croobank the Covert (Octopode Delver)              Turns: 13013, Time: 01:09:35

HP:   -14/68 (86)   AC:  3    Str: 12 (13) XL:     13   Next: 52%
MP:   30/31         EV: 16    Int: 16      God:    Gozag
Gold: 218           SH:  0    Dex: 10 (13) Spells: 18/24 levels left

rFire   + . .        a - +0 short sword
rCold   . . .        (no shield)
rNeg    + . .        e - +2 hat {Will+}
rPois   .            (no amulet)
rElec   .            l - ring of protection from fire
rCorr   .            v - ring of magical power
SInv    .            G - ring of positive energy
Will    +....        (no ring)
Stlth   ++++++       (no ring)
HPRegen 0.31/turn    (no ring)
MPRegen 0.22/turn    (no ring)
                     (no ring)

%: no passive effects
@: mighty, brilliant, lethally poisoned (-14 -> -19), gold aura, heavily drained
A: almost no armour, amphibious, 8 rings, camouflage 1, gelatinous body 1,
(nimble swimmer 1), tentacles
a: Renounce Religion, Potion Petition, Call Merchant, Bribe Branch


You were on level 1 of the Lair of Beasts.
You worshipped Gozag.
Gozag was aware of your devotion.
You visited 3 branches of the dungeon, and saw 12 of its levels.
You also visited: Bailey.

You collected 1817 gold pieces.
You paid 1599 gold pieces to Gozag.

Inventory:

Hand Weapons
 a - a +0 short sword (weapon)
 i - a +6 vampiric war axe
 q - a +2 halberd of draining
 r - a +2 halberd of electrocution
 H - a +4 great sword
Missiles
 c - 4 curare-tipped darts
 w - 18 poisoned darts (quivered)
 F - 7 boomerangs
Armour
 e - a +2 hat of willpower (worn)
Magical Staves
 D - a staff of conjuration
Jewellery
 l - a ring of protection from fire (left tentacle)
 v - a ring of magical power (right tentacle)
 G - a ring of positive energy (on tentacle)
Wands
 f - a wand of digging (2)
 x - a wand of charming (2)
Scrolls
 b - a scroll of fog
 k - 5 scrolls of teleportation
 z - a scroll of enchant armour
Potions
 d - 4 potions of magic
 g - 3 potions of flight
 h - a potion of cancellation
 j - 4 potions of mutation
 m - a potion of degeneration
 n - a potion of haste
 o - a potion of lignification
 p - 2 potions of might {unknown}
 u - 5 potions of brilliance


   Skills:
 + Level 7.4 Fighting
 - Level 2.2 Short Blades
 + Level 9.2 Axes
 + Level 11.3 Dodging
 + Level 11.7 Stealth
 + Level 6.1 Spellcasting
 + Level 4.7 Conjurations
 - Level 5.6 Summonings
 - Level 5.6 Air Magic
 - Level 5.0 Earth Magic


You had 18 spell levels left.
You knew the following spells:

 Your Spells              Type           Power      Damage    Failure   Level
a - Sandblast             Erth           62%        2d14      1%          1
b - Blink                 Tloc           14%        N/A       21%         2
c - Stone Arrow           Conj/Erth      60%        3d10      5%          3

Your spell library contained the following spells:

 Spells                   Type           Power      Damage    Failure   Level
 Static Discharge         Conj/Air       64%        2-5/arc   2%          2
 Momentum Strike          Conj/Tloc      36%        3d9       8%          2
 Passwall                 Tmut/Erth      15%        N/A       8%          2
 Vhi's Electric Charge    Tloc/Air       40%        N/A       13%         3
 Airstrike                Air            17%        2d(3-19)  13%         4
 Freeze                   Ice            28%        1d5       14%         1
 Summon Lightning Spire   Summ/Air       34%        N/A       14%         4
 Hailstorm                Conj/Ice       18%        3d6       16%         3
 Lesser Beckoning         Tloc           14%        N/A       21%         2
 Sublimation of Blood     Necr           7%         N/A       21%         2
 Wereblood                Tmut           7%         N/A       21%         2
 Frozen Ramparts          Ice            14%        1d3       38%         3
 Gell's Gravitas          Tloc           7%         N/A       38%         3
 Teleport Other           Tloc           7%         N/A       38%         3
 Arcjolt                  Conj/Air       16%        1d26      41%         5
 Dispersal                Tloc           3%         N/A       100%        6
 Summon Hydra             Summ           17%        N/A       100%        7
 Maxwell's Capacitive Co  Air            17%        ∞         100%        8


Dungeon Overview and Level Annotations

Branches:
Dungeon (10/15)            Temple (1/1) D:5            Lair (1/5) D:10
    Orc (0/2) D:10         Bailey (visited)

Altars:
Ashenzari
Cheibriados
Dithmenos
Elyvilon
Fedhas
Gozag
Kikubaaqudgha
Makhleb
Okawaru
Qazlal
Ru
Sif Muna
Trog
Uskayaw
Vehumet
Wu Jian
Xom
Yredelemnul
Zin
The Shining One

Annotations:
D:5 1 runed translucent door, lxXxl's ghost, novice MiFi
D:6 2 transporters
D:8 exclusions: ice statue and orange crystal statue
D:10 Fannar


Innate Abilities, Weirdness & Mutations

You cannot wear most types of armour.
You are amphibious.
You can wear up to eight rings at the same time.
Your skin changes colour to match your surroundings (Stealth+).
Your rubbery body absorbs attacks. (AC +1, EV +1)
((You are camouflaged when in or above water. (Stealth+)))
You have tentacles for arms and can constrict up to eight enemies at once.


Message History

Okay, then.
It was a potion of cancellation.
You feel magically purged.
You feel very sick. The cane toad stings you!
Okay, then.
Okay, then. [a] - 567 gold - lignification, might, resistance and haste [b] - 192 gold - might and brilliance [c] - 621 gold - heal wounds, magic and haste Purchase which effect?
You no longer have enough gold to petition Gozag for potion effects.
You feel very mighty all of a sudden.
You feel clever all of a sudden.
You feel very sick. The cane toad completely misses you.
You puncture the cane toad! Your grab misses the cane toad.
You tentacle-slap the cane toad.
The cane toad is severely wounded.
You feel very sick. The cane toad barely misses you.
You closely miss the cane toad. Your grab misses the cane toad.
You squeeze the cane toad!
The cane toad is almost dead.
You feel sick. The cane toad completely misses you.
You completely miss the cane toad. You grab the cane toad.
The cane toad is almost dead.
You constrict the cane toad, but do no damage.
You feel sick. The cane toad stings you!
* * * LOW HITPOINT WARNING * * *
You hit the cane toad.
The cane toad is almost dead.
You constrict the cane toad, but do no damage.
* * * LOW HITPOINT WARNING * * *
You feel sick. The cane toad barely misses you.
You hit the cane toad but do no damage.
The cane toad is almost dead.
You constrict the cane toad, but do no damage.
* * * LOW HITPOINT WARNING * * *
You feel sick. The cane toad stings you!!
You die...
Your body crumbles into a pile of gold.

+....#. .. ..... #.....
... .... #....#.... ...
#....#.#.## ..
#........... ##.
#.......?...
##+##..##.$.........
......................
......F@..............
......................$
.###.##..............
#. #....#.#.#P..## ..
#....#........# ..
#....#........# .
#....#[.......#
#.......<.....#
..............#


You could see a cane toad.

Vanquished Creatures
  Gastronok (D:9)
  Sonja (D:10)
  An orc knight (Bailey)
  A rime drake (D:10)
  2 kobold demonologists (D:9)
  A troll (D:9)
  Grinder (D:4)
  2 hornets (D:9)
  A spriggan (D:8)
  A wraith (D:10)
  17 yaks
  A water moccasin (Lair:1)
  A hornet zombie (D:7)
  5 orc warriors
  2 black bears (D:8)
  4 ogres
  An ice beast (D:6)
  2 wolves (D:10)
  2 centaurs
  4 kobold brigands
  4 bullfrogs
  2 scorpions
  An elf skeleton (D:6)
  3 wights (D:8)
  4 killer bees (D:10)
  5 howler monkeys
  A centaur zombie (D:7)
  A bullfrog zombie (D:7)
  2 jellies
  3 orc priests
  7 hounds
  3 human zombies (D:6)
  4 human skeletons (D:6)
  2 iguanas
  9 orc wizards
  4 killer bee zombies (D:7)
  A howler monkey zombie (D:7)
  32 gnolls
  7 adders
  2 shadow imps (D:6)
  An ufetubus (D:5)
  4 worms
  2 dart slugs
  56 orcs
  7 ball pythons
  7 endoplasms
  9 giant cockroaches
  13 goblins
  6 hobgoblins
  9 jackals (D:5)
  27 kobolds
  4 quokkas
  7 bats
  3 frilled lizards
  3 orc skeletons (D:6)
  A rat (D:1)
307 creatures vanquished.

Vanquished Creatures (collateral kills)
  3 gnolls
  A worm (D:4)
  A giant cockroach (D:4)
  A hobgoblin (D:4)
6 creatures vanquished.

Vanquished Creatures (others)
  3 gnolls
  An adder (D:4)
4 creatures vanquished.

Grand Total: 317 creatures vanquished

Notes
Turn   | Place    | Note
-------+----------+-------------------------------------------
     0 | D:5      | croobank the Octopode Delver began the quest for the Orb.
     0 | D:5      | Reached XP level 1. HP: 16/16 MP: 1/1
     1 | D:6      | Noticed an ogre
     1 | D:6      | Found a transporter.
     2 | D:6      | Noticed a bullfrog
    97 | D:4      | Found a stormy altar of Qazlal.
   199 | D:3      | Found a sacrificial altar of Ru.
   219 | D:3      | Reached XP level 2. HP: 21/21 MP: 2/2
   504 | D:3      | Reached skill level 1 in Axes
   507 | D:3      | Reached XP level 3. HP: 24/26 MP: 3/3
   794 | D:2      | Reached XP level 4. HP: 30/31 MP: 4/4
  2685 | D:4      | Reached XP level 5. HP: 22/36 MP: 5/5
  2815 | D:4      | Noticed Grinder
  2819 | D:4      | Paralysed by Grinder for 4 turns
  2834 | D:4      | Paralysed by Grinder for 5 turns
  2841 | D:4      | Killed Grinder
  2842 | D:4      | Reached XP level 6. HP: 9/42 MP: 6/6
  3074 | D:4      | Learned a level 1 spell: Sandblast
  3118 | D:4      | Found a hide-covered altar of Uskayaw.
  3474 | D:4      | Reached XP level 7. HP: 37/46 MP: 7/7
  3891 | D:5      | Reached skill level 1 in Spellcasting
  3891 | D:5      | Reached skill level 1 in Earth Magic
  4480 | D:5      | Reached XP level 8. HP: 22/54 MP: 10/10
  5059 | D:5      | Found a runed translucent door.
  5093 | D:5      | Found a staircase to the Ecumenical Temple.
  5100 | Temple   | Entered the Ecumenical Temple
  5203 | Temple   | Became a worshipper of Gozag Ym Sagoz the Greedy
  5313 | D:5      | Found an iron altar of Okawaru.
  5539 | D:5      | Noticed lxXxl's ghost (novice MiFi)
  5704 | D:5      | Found a stormy altar of Qazlal.
  5706 | D:5      | Found a shimmering blue altar of Sif Muna.
  5706 | D:5      | Found a shimmering altar of Xom.
  5708 | D:5      | Found a stormy altar of Qazlal.
  5708 | D:5      | Found a glowing silver altar of Zin.
  5708 | D:5      | Found a white marble altar of Elyvilon.
  5800 | D:5      | Noticed a shadow
  6129 | D:6      | Noticed a kobold demonologist
  6145 | D:6      | Found a transporter.
  6321 | D:6      | Reached XP level 9. HP: 52/60 MP: 13/13
  6396 | D:6      | Learned a level 2 spell: Blink
  6530 | D:6      | Reached skill level 5 in Fighting
  7430 | D:7      | Found a glowing silver altar of Zin.
  7536 | D:7      | HP: 2/61 [orc warrior/+0 trident (11)]
  7773 | D:7      | Reached skill level 5 in Dodging
  8092 | D:7      | Found a basalt altar of Yredelemnul.
  8485 | D:7      | Found a snail-covered altar of Cheibriados.
  8538 | D:7      | Found a glowing golden altar of the Shining One.
  8570 | D:7      | Learned a level 3 spell: Stone Arrow
  8777 | D:7      | Reached XP level 10. HP: 54/68 MP: 16/16
  8857 | D:8      | Noticed an ice statue
  9010 | D:8      | Noticed an orange crystal statue
  9067 | D:8      | Reached skill level 1 in Conjurations
  9208 | D:7      | Reached skill level 10 in Stealth
  9504 | D:8      | Found a shadowy altar of Dithmenos.
  9533 | D:8      | Reached skill level 5 in Earth Magic
 10035 | D:9      | Reached skill level 5 in Spellcasting
 10065 | D:9      | Paralysed by a hornet for 1 turns
 10209 | D:9      | Noticed a kobold demonologist
 10307 | D:9      | Killed a kobold demonologist
 10439 | D:9      | Reached XP level 11. HP: 67/74 MP: 19/19
 10581 | D:9      | Found a burning altar of Makhleb.
 10815 | D:9      | Noticed Gastronok
 11140 | D:9      | Killed Gastronok
 11240 | D:9      | Noticed a tengu warrior
 11552 | D:9      | Found the +18 Lear's hauberk
 11597 | D:10     | Entered Level 10 of the Dungeon
 11698 | D:10     | Found a white marble altar of Elyvilon.
 11731 | D:10     | Found a flagged portal.
 11755 | Bailey   | Entered a bailey
 11985 | Bailey   | Noticed an orc knight
 12035 | Bailey   | Reached XP level 12. HP: 23/80 MP: 20/20
 12050 | Bailey   | HP: 6/120 [gnoll/+0 halberd of draining (3)]
 12310 | Bailey   | Reached skill level 5 in Summonings
 12310 | Bailey   | Reached skill level 5 in Air Magic
 12310 | Bailey   | Reached XP level 13. HP: 86/86 MP: 22/22
 12628 | D:10     | Noticed Sonja
 12651 | D:10     | HP: 2/69 [Sonja/+2 dagger of draining (3)]
 12666 | D:10     | Killed Sonja
 12973 | D:10     | Found a staircase to the Lair.
 12982 | D:10     | Noticed Fannar
 12988 | Lair:1   | Entered Level 1 of the Lair of Beasts
 13013 | Lair:1   | Demolished by a cane toad

Illustrated notes

Levels and vault maps discovered:
D:1:      dpeg_arrival_leaves_temple_mockup, layout_basic
D:2:      layout_basic
D:3:      layout_loops_ring, lemuel_tele_altar, serial_bayou_lagoon_a,
          hangedman_decor_lopped, grunt_decor_resistance
D:4:      layout_loops_ring, nicolae_qazlal_general_emergency,
          mainiacjoe_overflow_six_doors_small, uniq_grinder
D:5:      lemuel_castle_with_subvaults [lemuel_castle_interior_carwin_3],
          layout_basic, lemuel_round_altar, doesnt_xom_only_xom,
          minmay_temple_entry_gardened_gates, ebering_ghost_inner_flame,
          minmay_misc_feat_square
D:6:      gammafunk_wand_slinger, layout_loops_ring,
          nicolae_ossuary_entry_catacombs
D:7:      layout_rooms, nicolae_yredelemnul_corpse_copse, zin_scriptorium,
          mainiacjoe_overflow_big_doors
D:8:      minmay_separated_statues, layout_cave_pools, grunt_dithmenos_smoke,
          the_hattery
D:9:      layout_long_grid, nicolae_overflow_hidden_temple,
          hellmonk_guarded_unrand_lears, uniq_gastronok
D:10:     layout_gridville, nicolae_hepliaklqana_hippocampus, elyvilon_altar_5,
          hellmonk_lair_entry_icy, enter_bailey_5, uniq_sonja, uniq_fannar
Temple:   nicolae_temple_figure_zero
Lair:1:   cheibrodos_lair_river_kwai, layout_regular_city

Skill      XL: |  1  2  3  4  5  6  7  8  9 10 11 12 |
---------------+-------------------------------------+-----
Axes           | 1 2 3 6 7 8 9 |  9.2
Stealth        | 7 8 9 10 11 | 11.7
Spellcasting   | 1 3 4 5 6 |  6.1
Earth Magic    | 2 3 4 5 |  5.0
Dodging        | 3 4 5 6 11 | 11.3
Fighting       | 4 5 6 7 |  7.4
Conjurations   | 3 4 |  4.7
Summonings     | 5 |  5.6
Air Magic      | 5 |  5.6
Short Blades   | |  2.2

Action                     |  1- 3 |  4- 6 |  7- 9 | 10-12 | 13-15 || total
---------------------------+-------+-------+-------+-------+-------++-------
  Melee: Short sword       |    22 |       |       |     3 |    17 ||    42
         Constrict         |    10 |    18 |    73 |    25 |     6 ||   132
         Tentacles         |    10 |    16 |    78 |    51 |     7 ||   162
         War axe           |    36 |    88 |   301 |   213 |    22 ||   660
         Punch             |       |       |     2 |     1 |     1 ||     4
  Throw: Dart              |       |     5 |     8 |    26 |     5 ||    44
         Throwing net      |       |     1 |     4 |     2 |       ||     7
   Cast: Stone Arrow       |       |       |       |     9 |     6 ||    15
         Blink             |       |       |       |     1 |     1 ||     2
         Sandblast         |       |       |       |       |     1 ||     1
 Invoke: Potion Petition   |       |       |       |     1 |     3 ||     4
  Evoke: Wand              |       |     2 |     3 |     8 |       ||    13
    Use: Scroll            |     1 |     6 |     6 |    13 |       ||    26
         Potion            |     1 |     1 |     5 |    18 |     3 ||    28
   Stab: Sleeping          |    12 |    12 |    27 |    17 |     6 ||    74
         Held in net/web   |       |       |     2 |       |       ||     2
         Distracted        |       |       |     2 |     2 |     1 ||     5
 Armour: Skin              |     3 |     3 |    20 |    21 |    10 ||    57
  Dodge: Dodged            |    25 |    55 |   217 |   163 |    57 ||   517
